 Dungeon Crawl Stone Soup version 0.29-a0-8-g0446c0dae4 (webtiles) character file.

Game seed: 9386295797074328369

110 testman the Cudgeller (level 4, -2/46 HPs)
             Began as a Troll Berserker on Jan 27, 2022.
             Was a Believer of Trog.
             Succumbed to a killer bee's poison
             ... on level 4 of the Dungeon.
             The game lasted 00:02:44 (1207 turns).

testman the Cudgeller (Troll Berserker)             Turns: 1207, Time: 00:02:44

Health: -2/46      AC:  4    Str: 27    XL:     4   Next: 61%
Magic:  3/3        EV: 10    Int:  3    God:    Trog [**....]
Gold:   54         SH:  0    Dex:  9    Spells: 3/3 levels left

rFire   . . .      SeeInvis .   a - +0 mace
rCold   . . .      Faith    +   (no shield)
rNeg    . . .      Spirit   .   b - +0 animal skin
rPois   .          Reflect  .   (helmet restricted)
rElec   .          Harm     .   (no cloak)
rCorr   .          Rampage  .   (gloves unavailable)
Will    ++...                   (boots unavailable)
Stlth   +.........              e - amulet of faith
HPRegen 1.95/turn               (no ring)
MPRegen 0.08/turn               (no ring)

@: lethally poisoned (-2 -> -7), strong-willed, on berserk cooldown,
regenerating, slowed, very slow
A: large, unfitting armour, claws 3, regeneration 1, shaggy fur 1, tough skin 1
a: Renounce Religion, Berserk, Trog's Hand


You were on level 4 of the Dungeon.
You worshipped Trog.
Trog was pleased with you.
You visited 1 branch of the dungeon, and saw 3 of its levels.

You collected 54 gold pieces.

Inventory:

Hand Weapons
 a - a +0 mace (weapon)
Missiles
 c - 33 stones (quivered)
Armour
 b - a +0 animal skin (worn)
Jewellery
 e - an amulet of faith (around neck)
Scrolls
 g - a scroll of enchant weapon {unknown}
 i - a scroll of teleportation {unknown}
 j - a scroll of identify {unknown}
Potions
 d - a potion of ambrosia {unknown}
 f - 3 potions of brilliance {unknown}
 h - a potion of lignification {unknown}
 k - a potion of haste {unknown}


   Skills:
 + Level 3.6 Fighting
 + Level 4.0 Maces & Flails
 - Level 2.4 Dodging


You had 3 spell levels left.
You didn't know any spells.
Your spell library was empty.

Dungeon Overview and Level Annotations

Branches:
Dungeon (2/15)

Altars:
Gozag


Innate Abilities, Weirdness & Mutations

You are too large for most types of armour.
You have claws for hands.
Your natural rate of healing is unusually fast.
You are covered in fur. (AC +1)
You have tough skin. (AC +1)


Message History

The killer bee is almost dead.
The ball python hisses angrily.
The killer bee barely misses you.
You miss the killer bee.
The killer bee is almost dead.
The killer bee stings you. x2
You are poisoned.
The killer bee poisons you!
You sock the killer bee!
You kill the killer bee!
Trog accepts your kill.
You feel sick. The killer bee closely misses you.
Your Maces & Flails skill increases to level 4!
You have reached level 4!
You hit the killer bee.
The killer bee is lightly wounded.
You feel sick.
The killer bee stings you but does no damage.
The killer bee stings you.
You barely miss the killer bee.
The killer bee is lightly wounded.
You are no longer berserk.
You are exhausted.
You feel yourself slow down.
You feel sick. The killer bee stings you.
Your skin crawls.
You feel strong-willed.
You feel sick. The killer bee closely misses you. The killer bee stings you. x2
You closely miss the killer bee.
The killer bee is lightly wounded.
You feel sick. The killer bee stings you!
* * * LOW HITPOINT WARNING * * *
You are more poisoned.
The killer bee poisons you! The killer bee barely misses you.
The killer bee stings you!
* * * LOW HITPOINT WARNING * * *
You are lethally poisoned!
The killer bee poisons you! The killer bee barely misses you.
You miss the killer bee.
The killer bee is lightly wounded.
You die...

#.# ######.).#
#.#######.....>)##
#.#.............#
###.#..#######.#..#
#...........[..#..#
#.###..#.###.#.#....
#.#
#..#.....#S#....y.
#.#
##.#.._).#y#........
#.#
#.#.....#@#........
#.#
#.#.###.#.##....?yy
#.####.........#
.......
#...>..#######.#
######...........
##..####.##.. .## .
.. .# #. .#


You could see a killer bee and a ball python.

Vanquished Creatures
  A killer bee (D:4)
  An orc wizard (D:4)
  A dart slug (D:1)
  2 orcs (D:4)
  4 bats (D:1)
  4 endoplasms (D:1)
  A giant cockroach (D:4)
  3 goblins (D:1)
  2 hobgoblins (D:1)
  4 jackals (D:1)
  3 quokkas (D:1)
  4 kobolds
  4 rats
34 creatures vanquished.

Notes
Turn   | Place    | Note
-------+----------+-------------------------------------------
     0 | D:1      | testman the Troll Berserker began the quest for the Orb.
     0 | D:1      | Reached XP level 1. HP: 22/22 MP: 0/0
   151 | D:1      | Reached skill level 3 in Maces & Flails
   151 | D:1      | Reached XP level 2. HP: 29/29 MP: 1/1
   794 | D:1      | Reached XP level 3. HP: 33/37 MP: 2/2
   991 | D:2      | Reached ** piety under Trog
  1099 | D:2      | You fall into a shaft and drop 2 floors!
  1101 | D:4      | Found an opulent altar of Gozag.
  1184 | D:4      | Noticed a killer bee
  1184 | D:4      | Noticed a killer bee
  1184 | D:4      | Noticed a killer bee
  1185 | D:4      | Noticed a killer bee
  1202 | D:4      | Killed a killer bee
  1203 | D:4      | Reached skill level 4 in Maces & Flails
  1203 | D:4      | Reached XP level 4. HP: 39/46 MP: 3/3
  1206 | D:4      | HP: 2/46 [killer bee (8)]
  1207 | D:4      | Succumbed to a killer bee's poison

Illustrated notes

Levels and vault maps discovered:
D:1:      dpeg_arrival_signposts, layout_basic
D:2:      layout_loops_ring
D:4:      layout_loops_ring, mainiacjoe_overflow_cross_hatched,
          amcnicky_altar_gilded, serial_shops, nicolae_shop_behind_doors

Skill      XL: |  1  2  3 |
---------------+----------+-----
Maces & Flails | 3 4 |  4.0
Fighting       | 3 |  3.6
Dodging        | |  2.4

Action                   |  1- 3 |  4- 6 || total
-------------------------+-------+-------++-------
Melee: Mace              |   104 |     4 ||   108
       Punch             |     3 |       ||     3
Invok: Berserk           |     2 |       ||     2
       Trog's Hand       |       |     1 ||     1
 Stab: Sleeping          |     1 |       ||     1
Armor: Animal skin       |    34 |     1 ||    35
Dodge: Dodged            |    59 |     3 ||    62

Table legend: (Time is in decaauts)
 A = Elapsed time spent in this place.
 B = Non-inter-level travel time spent in this place.
 C = Inter-level travel time spent in this place.
 D = Time resting spent in this place.
 E = Time spent auto-exploring this place.
 F = Levels seen in this place.
 G = Mean time per level.
                   A        B        C        D        E       F      G
               +--------+--------+--------+--------+--------+-----+--------+
         Total |   1239 |   1197 |     42 |     42 |    880 |   3 |  413.0 |
       Dungeon |   1239 |   1197 |     42 |     42 |    880 |   3 |  413.0 |
               +--------+--------+--------+--------+--------+-----+--------+

Top non-repeatable levels by time:
     D:1: 1002 daAuts
     D:4: 119 daAuts
     D:2: 117 daAuts
